 Dungeon Sprint DCSS version 0.29-a0-757-g358383bc75 (webtiles) character file.

Game seed: 1064164466824163088

77 wilfster70 the Trooper (level 4, -1/32 HPs)
             Began as a Gargoyle Fighter on June 30, 2022.
             Was an Initiate of Qazlal.
             Slain by an ironbound frostheart (6 damage)
             ... in the Dungeon (Sprint V: "Ziggurat Sprint").
             The game lasted 00:01:38 (169 turns).

wilfster70 the Trooper (Gargoyle Fighter)            Turns: 169, Time: 00:01:39

Health: -1/32      AC: 26    Str: 33    XL:     4   Next: 34%
Magic:  7/7        EV:  0    Int:  9    God:    Qazlal [......]
Gold:   0          SH: 26    Dex:  9    Spells: 3/3 levels left

rFire   + + .      SeeInvis .   a - +8 lance "Wyrmbane" {slay drac, rPois rF+ rC+ AC+3}
rCold   + + .      Faith    .   c - +18 shield of the Gong {rElec rN+ Will+ EV-5}
rNeg    + + .      Spirit   .   b - +5 gold dragon scales
rPois   ∞          Reflect  .   (no helmet)
rElec   +          Harm     .   (no cloak)
rCorr   .          Rampage  .   (no gloves)
Will    +....      NoTele   +   (no boots)
Stlth   ..........              (no amulet)
HPRegen 0.10/turn               p - +6 ring of strength
MPRegen 0.10/turn               q - +6 ring of strength

@: no status effects
A: sickness immunity, AC +3, negative energy resistance 1, electricity
resistance, torment resistance 1, petrification resistance
a: Renounce Religion


You were in the Dungeon.
You worshipped Qazlal.
Qazlal was noncommittal.
You visited 1 branch

Inventory:

Hand Weapons
 a - the +8 lance "Wyrmbane" (weapon) {slay drac, rPois rF+ rC+ AC+3}
   (You found it in the Dungeon)

   It inflicts extra damage against dragons and draconians.
   AC:        It affects your AC (+3).
   rF:        It protects you from fire.
   rC:        It protects you from cold.
   rPois:     It protects you from poison.
Armour
 b - +5 gold dragon scales (worn)
 c - the +18 shield of the Gong (worn) {rElec rN+ Will+ EV-5}
   (You found it in the Dungeon)

   It is deafeningly noisy when blocking attacks.
   EV:        It affects your evasion (-5).
   rElec:     It insulates you from electricity.
   rN:        It protects you from negative energy.
   Will:      It increases your willpower.
Jewellery
 p - a +6 ring of strength (left hand)
 q - a +6 ring of strength (right hand)
Wands
 s - a wand of iceblast (6)
 t - a wand of acid (7)
 v - a wand of mindburst (7)
Scrolls
 j - 4 scrolls of blinking
 o - 4 scrolls of amnesia
 r - 5 scrolls of identify
 u - 7 scrolls of fog
 w - 2 scrolls of fear
Potions
 d - 6 potions of might
 e - 10 potions of curing
 f - 9 potions of heal wounds
 g - 6 potions of haste
 h - 7 potions of magic
 i - 3 potions of berserk rage
 k - 2 potions of brilliance
 l - 2 potions of invisibility
 m - 4 potions of resistance


   Skills:
 + Level 5.7 Fighting
 + Level 4.2 Polearms
 + Level 5.7 Armour
 + Level 5.7 Shields
 + Level 4.5 Invocations


You had 3 spell levels left.
You didn't know any spells.
Your spell library was empty.

Dungeon Overview and Level Annotations

Branches:
Dungeon (1/1)

Altars:
Ashenzari
Cheibriados
Dithmenos
Elyvilon
Fedhas
Gozag
Hepliaklqana
Kikubaaqudgha
Makhleb
Nemelex Xobeh
Okawaru
Qazlal
Ru
Sif Muna
Trog
Uskayaw
Vehumet
Wu Jian
Xom
Yredelemnul
Zin
The Shining One
Beogh
Jiyva
Lugonu

Annotations:
D 1 transporter


Innate Abilities, Weirdness & Mutations

You are immune to sickness and miasma.
Your stone body is resilient. (AC +3)
You are immune to poison.
You resist negative energy. (rN+)
You are resistant to electric shocks. (rElec)
You are resistant to unholy torment.
You are immune to petrification.


Message History

The ironbound frostheart touches you but does no damage.
You closely miss the ironbound frostheart.
The ironbound frostheart is lightly wounded.
You block the ironbound frostheart's attack.
PANG!
The lindwurm bites you but does no damage.
You block the lindwurm's attack.
GONNNNG!
The lindwurm claws you but does no damage.
You barely miss the ironbound frostheart.
The ironbound frostheart is lightly wounded.
The yaktaur captain unwields a +0 arbalest.
You block the yaktaur captain's attack.
PTOANNNG!
The ironbound frostheart touches you. The ironbound frostheart freezes you.
You resist. You block the lindwurm's attack.
GONNNNG!
The lindwurm completely misses you.
The lindwurm claws you but does no damage.
You puncture the ironbound frostheart!
The ironbound frostheart is moderately wounded.
You block the yaktaur captain's attack.
BONNNG!
You block the ironbound frostheart's attack.
GONNNNG!
The lindwurm breathes flames at you. The blast of flame hits you. You resist.
You hit the ironbound frostheart.
The ironbound frostheart is moderately wounded.
The yaktaur captain hits you!
* * * LOW HITPOINT WARNING * * *
You block the lindwurm's attack.
PANG!
You block the lindwurm's attack.
PANG!
The lindwurm claws you but does no damage.
The ironbound frostheart touches you.
* * * LOW HITPOINT WARNING * * *
The ironbound frostheart freezes you. You resist.
You die...

▓▓▓▓▓▓▓▓▓▓▓▓▓
▓.8©8.▓.8©8.▓
▓.|)|.▓.....▓
▓.....▓.|.[.▓
▓.....▓.....▓
▓..kpc▓.....▓
▓...@.▓..©..▓
▓..©..▓▓▓▓▓▓▓
▓▓▓▓▓▓▓


You could see a yaktaur captain, an ironbound frostheart and a lindwurm
(catching breath).

Vanquished Creatures
  A bullfrog (D)
  A river rat (D)
2 creatures vanquished.

Notes
Turn   | Place    | Note
-------+----------+-------------------------------------------
     0 | D        | wilfster70 the Gargoyle Fighter began the quest for the
                  | Orb.
     0 | D        | Reached XP level 1. HP: 14/14 MP: 1/1
    18 | D        | Found a shimmering blue altar of Sif Muna.
    18 | D        | Found a bloodstained altar of Trog.
    18 | D        | Found a sacrificial altar of Ru.
    18 | D        | Found a stormy altar of Qazlal.
    18 | D        | Found an iron altar of Okawaru.
    24 | D        | Found a sparkling altar of Nemelex Xobeh.
    24 | D        | Found the +7 great mace "Firestarter" {inner flame, rF++}
    24 | D        | Found the +6 shillelagh "Devastator" {shatter}
    24 | D        | Found the +11 plutonium sword {Contam Stlth-}
    24 | D        | Found the +8 lance "Wyrmbane" {slay drac, rPois rF+ rC+
                  | AC+3}
    24 | D        | Found the +9 sword of Zonguldrok {reap}
    24 | D        | Found the +13 scythe of Curses {drain, Drain}
    24 | D        | Found the +5 sword of Power {vorpal}
    24 | D        | Found the +7 mace of Variability {chain chaos}
    24 | D        | Found the +7 Singing Sword {vorpal, sonic wave}
    24 | D        | Found the +8 storm bow {elec, penet}
    24 | D        | Found the +6 Majin-Bo {vamp, MP+6 Int+6}
    24 | D        | Found the +9 heavy crossbow "Sniper" {vorpal, Acc+∞ SInv}
    24 | D        | Found the +10 dark maul {vorpal}
    24 | D        | Found the +15 Maxwell's patent armour {-Cast -Tele rElec
                  | Will+ rCorr}
    24 | D        | Found the +18 shield of the Gong {rElec rN+ Will+ EV-5}
    24 | D        | Found the +14 obsidian axe {vorpal, Mesm Drain Fly SInv}
    25 | D        | Found a burning altar of Makhleb.
    25 | D        | Found a corrupted altar of Lugonu.
    25 | D        | Found an ancient bone altar of Kikubaaqudgha.
    25 | D        | Found a transporter.
    25 | D        | Found a viscous altar of Jiyva.
    30 | D        | Became a worshipper of Qazlal Stormbringer
    53 | D        | Found a hazy altar of Hepliaklqana.
    80 | D        | Found a blossoming altar of Fedhas.
    82 | D        | Found an opulent altar of Gozag.
    85 | D        | Reached XP level 2. HP: 20/20 MP: 1/4
   125 | D        | Entered arena 2.
   125 | D        | Noticed a bullfrog
   125 | D        | Found a transporter.
   128 | D        | Killed a bullfrog
   129 | D        | Reached skill level 5 in Fighting
   129 | D        | Reached skill level 5 in Armour
   129 | D        | Reached skill level 5 in Shields
   129 | D        | Reached XP level 3. HP: 27/27 MP: 4/6
   129 | D        | Reached XP level 4. HP: 32/32 MP: 4/7
   161 | D        | Entered arena 3.
   161 | D        | Noticed a yaktaur captain
   161 | D        | Noticed an ironbound frostheart
   161 | D        | Noticed a lindwurm
   161 | D        | Found a transporter.
   169 | D        | Slain by an ironbound frostheart

Illustrated notes

Levels and vault maps discovered:
D:        sprint_v [room_start, room_1, room_2, room_3, room_4, room_5, room_6,
          room_7, room_8, room_9, room_10, room_11, room_12, room_13, room_14,
          room_15, room_16, room_17, room_18, room_19, room_20, room_21,
          room_22, room_23, room_24, room_25, room_26, room_27]

Skill      XL: |  1  2 |
---------------+-------+-----
Fighting       | 4 5 |  5.7
Polearms       | 3 4 |  4.2
Armour         | 4 5 |  5.7
Shields        | 4 5 |  5.7
Invocations    | 3 4 |  4.5

Action                   |  1- 3 |  4- 6 || total
-------------------------+-------+-------++-------
Melee: Lance             |     3 |     8 ||    11
Evoke: Wand              |       |     1 ||     1
  Use: Potion            |     1 |     1 ||     2
Armor: Gold dragon scale |       |     7 ||     7
Dodge: Dodged            |       |     1 ||     1
Block: Kite shield       |     5 |    14 ||    19

Table legend: (Time is in decaauts)
 A = Elapsed time spent in this place.
 B = Non-inter-level travel time spent in this place.
 C = Inter-level travel time spent in this place.
 D = Time resting spent in this place.
 E = Time spent auto-exploring this place.
 F = Levels seen in this place.
 G = Mean time per level.
                   A        B        C        D        E       F      G
               +--------+--------+--------+--------+--------+-----+--------+
         Total |    168 |    168 |      0 |     54 |      0 |   1 |  168.0 |
       Dungeon |    168 |    168 |      0 |     54 |      0 |   1 |  168.0 |
               +--------+--------+--------+--------+--------+-----+--------+

Top non-repeatable levels by time:
       D: 168 daAuts
